 Dungeon Crawl Stone Soup version 0.26.0-11-g8f856b5395 (webtiles) character file.

Game seed: 789164186025512736

2065528 EnegeticOcto the Bringer of Light (level 27, 196/196 HPs)
             Began as a Gargoyle Fighter on Jan 15, 2021.
             Was the Champion of the Shining One.
             Escaped with the Orb
             ... and 3 runes!
             The game lasted 01:22:40 (47066 turns).

EnegeticOcto the Bringer of Light (GrFi)           Turns: 47066, Time: 01:22:40

Health: 196/196    AC: 53    Str: 26    XL:     27
Magic:  49/49      EV: 10    Int: 14    God:    the Shining One [******]
Gold:   3519       SH: 19    Dex: 12    Spells: 26/26 levels left

rFire    + . .     SeeInvis .   U - +4 sacred scourge (holy)
rCold    + . .     Faith    .   c - +0 kite shield
rNeg     + + +     Spirit   .   R - +0 gold dragon scales
rPois    ∞         Reflect  +   O - +0 helmet
rElec    +         Harm     .   g - +1 cloak "Rokk" {-Tele Rampage Will+ Int+2}
rCorr    .         Rampage  +   i - +2 pair of gloves {Dex+3}
Will     +++..     NoTele   +   r - +2 pair of boots
Stlth    ..........             j - amulet of reflection
HPRegen  0.42/turn              K - +4 ring of slaying
MPRegen  0.31/turn              Y - ring "Foxontiw" {MP+9 Slay+5, =R}

@: glowing
A: big wings, blurry vision 1, dopey 1, negative energy resistance 1,
electricity resistance, weak 1, unbreathing, petrification resistance, miasma
immunity, AC +20
0: Orb of Zot
}: 3/15 runes: iron, bone, abyssal
a: Fly, Renounce Religion, Divine Shield, Cleansing Flame, Summon Divine Warrior


You escaped.
You worshipped the Shining One.
The Shining One was exalted by your worship.
You visited 7 branches of the dungeon, and saw 41 of its levels.
You visited the Abyss 2 times.
You also visited: Ossuary, Bailey, Gauntlet and Ice Cave.

You collected 4406 gold pieces.
You spent 887 gold pieces at shops.

Inventory:

Hand Weapons
 p - a +1 whip of electrocution
   (You took it off a gnoll on level 8 of the Dungeon)
 U - a +4 sacred scourge of holy wrath (weapon) (the Shining One gifted it to you on level 1 of the Depths)
Missiles
 n - 3 throwing nets (quivered) {!f}
 W - 14 curare-tipped darts
Armour
 c - a +0 kite shield (worn)
 g - the +1 cloak "Rokk" (worn) {-Tele Rampage Will+ Int+2}
   (You found it on level 14 of the Dungeon)

   It affects your intelligence (+2).
   It affects your willpower, your defense against some magical effects.
   It prevents most forms of teleportation.
   It bestows one free step when moving towards enemies.
 i - a +2 pair of gloves of dexterity (worn)
   (You found it in a Gauntlet)
 r - a +2 pair of boots (worn)
   (You found it on level 2 of the Dungeon)
 x - a +0 cloak of preservation
   (You found it in a Gauntlet)
 O - a +0 helmet (worn)
   (You found it on level 4 of the Depths)
 R - +0 gold dragon scales (worn)
   (You found it on level 1 of the Realm of Zot)
 S - a +1 cloak of cold resistance
   (You found it in an ice cave)
Jewellery
 j - an amulet of reflection (around neck)
   (You found it on level 2 of the Dungeon)
 m - an uncursed ring of fire
   (You found it on level 1 of the Depths)
 E - a +4 ring of evasion
   (You took it off a draconian knight on level 2 of the Realm of Zot)
 K - a +4 ring of slaying (left hand)
   (You found it on level 15 of the Dungeon)
 T - an uncursed ring of resist corrosion
   (You found it on level 7 of Tartarus)
 Y - the ring "Foxontiw" (right hand) {MP+9 Slay+5, =R}
   (You found it on level 7 of the Iron City of Dis)

   [ring of magical power]

   It affects your accuracy and damage with ranged weapons and melee attacks
   (+5).
   It affects your magic capacity (+9).
Wands
 s - a wand of iceblast (45) {@v2}
   (You took it off Maurice on level 9 of the Dungeon)
 u - a wand of paralysis (14)
   (You found it on level 4 of the Dungeon)
 z - a wand of flame (93) {@v4}
   (You took it off a goblin on level 8 of the Dungeon)
 N - a wand of disintegration (36)
   (You found it on level 2 of the Depths)
 Q - a wand of acid (11) {@v1}
   (You took it off a necromancer in an ice cave)
Scrolls
 a - 4 scrolls of blinking {@r4}
 h - 7 scrolls of teleportation {@r3 !r}
 k - 7 scrolls of fear {!r}
 o - 13 scrolls of remove curse {@r2}
 v - a scroll of holy word
 y - 4 scrolls of immolation
 C - 3 scrolls of fog {!r}
 F - 3 scrolls of identify {@r1}
 L - 2 scrolls of vulnerability
 V - 2 scrolls of brand weapon
 Z - a scroll of silence
Potions
 b - 5 potions of curing {@q1 !q}
 d - 7 potions of might {@q3 !q}
 e - 6 potions of mutation
 f - a potion of resistance
 l - 13 potions of lignification {@q6}
 q - 3 potions of haste {@q4 !q}
 t - 3 potions of heal wounds {@q2 !q}
 A - 5 potions of attraction
 B - 2 potions of flight
 G - 3 potions of berserk rage
 J - 3 potions of ambrosia
 P - a potion of cancellation
Miscellaneous
 H - a box of beasts
   (You found it in a Gauntlet)
 I - a phial of floods
   (You found it in a Gauntlet)
 M - a tin of tremorstones (2/2)
   (You found it on level 14 of the Dungeon)
 X - a phantom mirror
   (You found it on level 2 of the Depths)


   Skills:
 - Level 26.0 Fighting
 - Level 12.0 Maces & Flails
 - Level 16.0 Armour
 - Level 10.0 Dodging
 - Level 15.0 Shields
 O Level 27 Invocations
 + Level 17.9 Evocations


You had 26 spell levels left.
You didn't know any spells.
Your spell library contained the following spells:

 Spells                   Type           Power        Failure   Level
 Apportation              Tloc           0%           99%         1
 Corona                   Hex            0%           99%         1
 Foxfire                  Conj/Fire      0%           99%         1
 Freeze                   Ice            0%           99%         1
 Magic Dart               Conj           0%           99%         1
 Shock                    Conj/Air       0%           99%         1
 Sting                    Tmut/Pois      0%           99%         1
 Blink                    Tloc           N/A          100%        2
 Call Imp                 Summ           0%           100%        2
 Corpse Rot               Necr/Air       N/A          100%        2
 Ensorcelled Hibernation  Hex/Ice        0%           100%        2
 Passwall                 Tmut/Erth      0%           100%        2
 Poisonous Vapours        Pois/Air       0%           100%        2
 Searing Ray              Conj           0%           100%        2
 Slow                     Hex            0%           100%        2
 Swiftness                Air            0%           100%        2
 Wereblood                Tmut           0%           100%        2
 Confusing Touch          Hex            0%           100%        3
 Conjure Flame            Conj/Fire      0%           100%        3
 Dazzling Flash           Conj/Hex       0%           100%        3
 Frozen Ramparts          Ice            0%           100%        3
 Ignite Poison            Fire/Tmut/Pois 0%           100%        3
 Inner Flame              Hex/Fire       0%           100%        3
 Lesser Beckoning         Tloc           0%           100%        3
 Mephitic Cloud           Conj/Pois/Air  0%           100%        3
 Ozocubu's Armour         Ice            0%           100%        3
 Spider Form              Tmut/Pois      0%           100%        3
 Static Discharge         Conj/Air       0%           100%        3
 Stone Arrow              Conj/Erth      0%           100%        3
 Teleport Other           Tloc           0%           100%        3
 Tukima's Dance           Hex            0%           100%        3
 Airstrike                Air            0%           100%        4
 Cause Fear               Hex            0%           100%        4
 Dispel Undead            Necr           0%           100%        4
 Fulminant Prism          Conj/Hex       0%           100%        4
 Hailstorm                Conj/Ice       0%           100%        4
 Ice Form                 Ice/Tmut       0%           100%        4
 Iskenderun's Mystic Bla  Conj/Tloc      0%           100%        4
 Leda's Liquefaction      Hex/Erth       0%           100%        4
 Olgreb's Toxic Radiance  Pois           0%           100%        4
 Petrify                  Tmut/Erth      0%           100%        4
 Sticky Flame             Conj/Fire      0%           100%        4
 Summon Ice Beast         Ice/Summ       0%           100%        4
 Agony                    Necr           0%           100%        5
 Alistair's Intoxication  Tmut/Pois      0%           100%        5
 Bolt of Magma            Conj/Fire/Erth 0%           100%        5
 Borgnjor's Vile Clutch   Necr/Erth      0%           100%        5
 Excruciating Wounds      Necr           0%           100%        5
 Fireball                 Conj/Fire      0%           100%        5
 Irradiate                Conj/Tmut      0%           100%        5
 Lightning Bolt           Conj/Air       0%           100%        5
 Metabolic Englaciation   Hex/Ice        0%           100%        5
 Silence                  Hex/Air        0%           100%        5
 Yara's Violent Unravell  Hex/Tmut       0%           100%        5
 Freezing Cloud           Conj/Ice/Air   0%           100%        6
 Invisibility             Hex            0%           100%        6
 Iron Shot                Conj/Erth      0%           100%        6
 Ozocubu's Refrigeration  Ice            0%           100%        6
 Shadow Creatures         Summ           N/A          100%        6
 Simulacrum               Ice/Necr       0%           100%        6
 Discord                  Hex            0%           100%        8
 Disjunction              Tloc           0%           100%        8
 Ignition                 Fire           0%           100%        8
 Shatter                  Erth           0%           100%        9
 Tornado                  Air            0%           100%        9
 Sublimation of Blood     Necr           Unusable     N/A         2
 Statue Form              Tmut/Erth      Unusable     N/A         6

Dungeon Overview and Level Annotations

Branches:
Dungeon (15/15)            Temple (1/1) D:7            Lair (0/6) D:8
    Orc (0/2) D:9          Vaults (0/5) D:14         Depths (5/5) D:15
   Hell (visited)             Dis (7/7) Hell            Tar (7/7) Hell
    Zot (5/5) Depths:5    Ossuary (visited)          Bailey (visited)
  IceCv (visited)         Gauntlet (visited)
    Geh: Hell:1         Coc: Hell:1

Altars:
Ashenzari
Cheibriados
Dithmenos
Elyvilon
Fedhas
Gozag
Hepliaklqana
Kikubaaqudgha
Makhleb
Nemelex Xobeh
Okawaru
Qazlal
Ru
Sif Muna
Trog
Uskayaw
Vehumet
Wu Jian
Xom
Yredelemnul
Zin
The Shining One
Jiyva
Lugonu

Shops:
D:4 *   D:12 *

Portals:
Hell: Depths:1 Depths:2 Depths:3 Depths:4 Depths:5
Abyss: Depths:1 Depths:2 Depths:3 Depths:4
Pandemonium: Depths:3 Depths:5
Ziggurat: Depths:1
Trove: D:14 (give +5 demon trident)

Annotations:
D:7 exclusion: 2 goblins
D:14 exclusion: door
Hell exclusion: ice statue
Dis:7 Serpent of
Hell
Zot:5 2 transporters, denis1488's ghost, legendary MiFi


Innate Abilities, Weirdness & Mutations

You are resistant to torment.
Your stone body is resilient. (AC +20)
You are immune to poison.
Your large and strong wings let you fly indefinitely.
You resist negative energy. (rN+)
You are resistant to electric shocks. (rElec)
You can survive without breathing.
You are immune to petrification.
You are immune to miasma.
Scrolls take you a little longer to read.
You are dopey. (Int -2)
You are weak. (Str -2)


Message History

Unknown command.
Unknown command.
The lorocyproca hits you but does no damage.
You hit the lorocyproca but do no damage.
You whack the lorocyproca!
The lorocyproca convulses.
The lorocyproca is lightly wounded.
You block the lorocyproca's attack.
You hit the lorocyproca.
The lorocyproca convulses!
The lorocyproca is moderately wounded.
You thrash the lorocyproca!!
The lorocyproca convulses!
The lorocyproca is severely wounded.
You block the lorocyproca's attack.
You whack the lorocyproca!
The lorocyproca convulses!!
You kill the lorocyproca!
The Shining One accepts your kill.
No target in view!
No target in view!
No target in view!
No target in view!
(D) Dungeon (T) Temple (L) Lair (O) Orcish Mines (V) Vaults (U) Depths (H) Hell (I) Dis (Y) Tartarus (Z) Zot
Where to? (Enter - D:1 @ (x,y), ? - help)
There is a stone staircase leading up here.
You climb upwards.
There is a stone staircase leading down here.
There is a stone staircase leading up here.
You climb upwards.
There is a stone staircase leading down here.
You see here a scale mail.
There is a stone staircase leading up here.
You climb upwards.
There is a stone staircase leading down here.
A Hell Sentinel comes into view.
Unknown command.
You whack the Hell Sentinel!
The Hell Sentinel convulses.
The Hell Sentinel is lightly wounded.
You hit the Hell Sentinel but do no damage.
The Hell Sentinel is lightly wounded.
You whack the Hell Sentinel!
The Hell Sentinel convulses!
The Hell Sentinel is lightly wounded.
The Hell Sentinel closely misses you. You block the Hell Sentinel's attack.
You hit the Hell Sentinel but do no damage.
The Hell Sentinel is lightly wounded.
You hit the Hell Sentinel.
The Hell Sentinel convulses.
The Hell Sentinel is moderately wounded.
The Hell Sentinel hits you but does no damage.
You block the Hell Sentinel's attack.
You whack the Hell Sentinel!
The Hell Sentinel convulses.
The Hell Sentinel is moderately wounded.
You hit the Hell Sentinel but do no damage.
The Hell Sentinel is moderately wounded.
You block the Hell Sentinel's attack. x2
You whack the Hell Sentinel!
The Hell Sentinel convulses.
The Hell Sentinel is moderately wounded.
You punish the Hell Sentinel, causing immense pain!!!
The Hell Sentinel convulses!!!
The Hell Sentinel is almost dead.
You block the Hell Sentinel's attack. x2
You hit the Hell Sentinel but do no damage.
The Hell Sentinel is almost dead.
You thrash the Hell Sentinel!!
You kill the Hell Sentinel!
The Shining One accepts your kill.
No target in view!
No target in view!
No target in view!
No target in view!
No target in view!
No target in view!
(D) Dungeon (T) Temple (L) Lair (O) Orcish Mines (V) Vaults (U) Depths (H) Hell (I) Dis (Y) Tartarus (Z) Zot
Where to? (Enter - D:1 @ (x,y), ? - help)
You see here 4 stones.
There is a stone staircase leading up here.
You climb upwards.
There is a stone staircase leading down here.
You see here 18 bolts.
You see here a kite shield.
There is a stone staircase leading up here.
You climb upwards.
There is a stone staircase leading down here.
You see here a leather armour.
There is a stone staircase leading up here.
You climb upwards.
There is a stone staircase leading down here.
There is an open door here.
There is an open door here.
You open the door.
There is an open door here.
There is a dry fountain here.
There is an open door here.
There is an open door here.
There is an open door here.
There is an open door here.
There is an open door here.
There is an open door here.
There is a staircase leading out of the dungeon here.
You have escaped!

.(.....#.##...'...'...'...#......
..###.....#...#...#...#...#..#(..
.####.######'###########'##..#.#.
....).....#...#...#(..#...#.##.#.
#########.#...'.⌠.'.⌠.#...#.#....
#.#...#...#...#...#....##
#.##'###'###########...#.
#.#...#...#...#...##...#.
#.'...#.@.'...#...'....#.
###...#...#...#...#......
##'###########'##......
#...#...#...#...#.###..
#...'...'.⌠.'...+.# #..
#...#...#...#...#.# #..
##########'###'##.# #..
#.###.##.# #.# #........# #..


There were no monsters in sight!

Vanquished Creatures
  Ereshkigal (Tar:7)
  A pandemonium lord (Zot:5)
  Dispater (Dis:7)
  A juggernaut (Depths:2)
  Boris (Depths:5)
  A Killer Klown (Zot:5)
  A curse toe (Zot:3)
  Geryon (Hell)
  2 caustic shrikes (Depths:2)
  14 golden dragons
  11 bone dragons
  5 electric golems
  5 iron giants
  7 liches
  17 Tzitzimimeh
  13 tentacled monstrosities
  3 Brimstone Fiends
  5 doom hounds
  9 Hell Sentinels
  2 Ice Fiends
  16 Orb Guardians
  8 quicksilver dragons
  Murray (Depths:1)
  7 tentacled starspawn
  2 Executioners
  13 death cobs
  Gastronok (D:11)
  6 ancient champions
  13 shadow dragons
  3 sphinxes
  4 tengu reavers
  3 draconian monks
  16 storm dragons
  A revenant (Hell)
  3 frost giants
  6 fire giants
  9 iron dragons
  2 deep elf sorcerers (Depths:3)
  A juggernaut zombie (Hell)
  5 draconian scorchers
  A balrug (Abyss:2)
  6 draconian knights
  2 draconian stormcallers
  Louise (Depths:4)
  4 draconian shifters
  3 cacodemons
  2 draconian annihilators (Zot:1)
  4 war gargoyles
  13 very ugly things
  42 reapers
  12 stone giants
  A juggernaut skeleton (Depths:2)
  10 black draconians
  A deep elf demonologist (Abyss:1)
  9 green draconians
  A black sun (D:13)
  9 purple draconians
  3 lorocyprocas
  8 vampire knights
  9 red draconians
  10 spark wasps
  A minotaur (Gauntlet)
  A dire elephant (Abyss:3)
  8 white draconians
  10 yellow draconians
  A mummy priest (Tar:1)
  5 ettins
  6 blizzard demons
  8 jiangshi
  2 green deaths
  8 fire dragons
  The ghost of Tagedieb the Covert, a journeyman OpEn of Dithmenos (D:14)
  3 spectral krakens (Tar:7)
  8 yaktaur captains
  5 quicksilver dragon zombies
  Erolcha (D:11)
  5 rakshasas
  Harold (D:9)
  3 great orbs of eyes
  15 ice dragons
  2 boulder beetles (D:12)
  5 spriggan air magi
  Erica (D:8)
  3 hydras
  18 two-headed ogres
  5 centaur warriors
  3 tengu warriors
  13 ogre magi
  8 hell hogs
  7 vampire magi
  A titan zombie (Abyss:2)
  5 spriggan berserkers
  7 thrashing horrors
  8 deep troll shamans
  2 deep troll earth magi
  6 sun demons
  3 storm dragon zombies
  2 titan skeletons
  2 sixfirhies (Abyss:3)
  6 iron golems (Dis:7)
  5 wretched stars
  7 iron trolls
  2 spriggans (Depths:5)
  18 soul eaters
  2 spark wasp zombies (Hell)
  3 spatial maelstroms
  A goliath frog (shapeshifter) (D:13)
  66 skeletal warriors
  2 storm dragon skeletons
  2 golden dragon zombies
  8 flayed ghosts
  5 glowing orange brains
  20 shadow demons
  14 deep trolls
  9 phantasmal warriors
  23 hell knights
  3 unseen horrors
  A golden dragon skeleton (Dis:3)
  An obsidian statue (Gauntlet)
  A gelid demonspawn (D:13)
  An anaconda skeleton (Hell)
  2 shadow dragon zombies
  9 necromancers
  3 orc knights (Bailey)
  4 wolf spider zombies
  9 wizards
  A tengu zombie (Depths:2)
  4 stone giant zombies
  2 iron dragon zombies
  A frost giant zombie (Depths:2)
  5 fire giant zombies
  6 ugly things
  4 deep elf magi
  3 manticores
  6 cyclopes
  2 salamanders (Abyss:3)
  30 moths of wrath
  2 stone giant skeletons
  A worldbinder (Abyss:2)
  An elephant (shapeshifter) (Depths:1)
  A shadow dragon skeleton (Tar:5)
  4 apocalypse crabs
  A frost giant skeleton (Tar:5)
  3 fire giant skeletons
  An elephant (Abyss:3)
  15 rust devils
  A guardian serpent (shapeshifter) (Depths:2)
  An ice statue (IceCv)
  Maurice (D:9)
  2 smoke demons
  Joseph (D:7)
  2 guardian serpents
  2 naga magi (Abyss:3)
  A dire elephant zombie (Dis:7)
  An emperor scorpion zombie (Dis:4)
  A gargoyle (D:10)
  Psyche (D:8)
  20 large abominations
  10 spectral swamp worms (Tar:7)
  A kobold demonologist (D:14)
  10 hellions
  Maggie (D:10)
  2 spriggan zombies
  20 yaktaurs
  A dire elephant skeleton (Tar:7)
  4 orange demons
  2 efreet
  21 tormentors
  2 komodo dragons
  A yaktaur (shapeshifter) (Depths:3)
  10 red devils
  A tengu conjurer (Depths:3)
  2 demonic crawlers
  2 silent spectres
  12 ice devils
  2 anaconda simulacra (Hell)
  A minotaur skeleton (Tar:4)
  21 freezing wraiths
  11 trolls
  A polar bear (shapeshifter) (D:15)
  Grinder (D:6)
  5 ancient zymes (Abyss:3)
  6 hydra zombies
  2 hornets (Depths:5)
  2 ice dragon zombies (Dis:3)
  9 slime creatures
  4 ettin zombies
  3 hydra skeletons
  5 fire dragon zombies
  A dream sheep (shapeshifter) (Depths:2)
  10 raiju
  2 deep troll zombies
  A black mamba zombie (Tar:1)
  A vampire (D:10)
  2 spriggans (shapeshifter)
  Sigmund (D:5)
  A fire dragon skeleton (Tar:1)
  11 shadows
  3 ettin skeletons
  31 flying skulls
  14 wraiths
  7 ynoxinuls
  An alligator skeleton (Hell)
  Eustachio (D:4)
  2 redbacks (shapeshifter)
  An air elemental (Abyss:3)
  7 water elementals
  8 yaks
  6 wyverns
  A fire elemental (Depths:1)
  A hog (shapeshifter) (Depths:2)
  7 fire bats
  10 humans (D:14)
  A basilisk (D:14)
  A death yak simulacrum (IceCv)
  4 chaos spawn
  14 neqoxecs
  11 vampire mosquitoes
  3 spatial vortices (Abyss:3)
  5 acid dragons
  18 small abominations
  31 hell hounds
  A naga (Abyss:3)
  2 cane toad zombies
  13 orc warriors
  2 sky beasts
  3 floating eyes
  15 ice beasts
  3 eyes of draining
  A cane toad skeleton (Tar:3)
  2 eyes of draining (shapeshifter)
  2 snapping turtle zombies
  A black bear (shapeshifter) (Depths:4)
  18 ogres
  A black bear (D:9)
  A tengu (shapeshifter) (Depths:2)
  7 necrophages
  2 phantoms
  27 centaurs
  3 wolves (Gauntlet)
  10 big kobolds
  12 bullfrogs
  2 elf zombies
  4 gnoll sergeants
  A water moccasin zombie (D:7)
  6 scorpions
  3 wyvern skeletons
  A troll skeleton (Tar:5)
  58 wights
  A tengu skeleton (D:15)
  3 electric eels (D:9)
  A howler monkey (D:12)
  2 crimson imps
  A quasit (D:13)
  60 starcursed masses
  A human zombie (Ossuary)
  6 centaur zombies
  10 centaur skeletons
  3 draconian simulacra (IceCv)
  7 jellies
  6 orc priests
  2 bullfrog skeletons
  6 hounds
  18 orc wizards
  25 iron imps
  6 iguanas
  5 hell rats
  4 troll simulacra (IceCv)
  6 worker ants
  A spriggan simulacrum (IceCv)
  A killer bee zombie (D:6)
  3 wolf simulacra (IceCv)
  6 centaur simulacra
  A big kobold zombie (Ossuary)
  A human simulacrum (Abyss:3)
  A hound zombie (D:9)
  9 mummies
  3 worker ant zombies
  23 gnolls
  3 naga simulacra (IceCv)
  24 adders
  4 ogre simulacra (IceCv)
  12 shadow imps
  18 white imps
  3 ufetubi
  An ooze (D:3)
  An adder zombie (D:5)
  2 adder skeletons
  3 worms (D:2)
  4 dart slugs
  4 leopard geckos
  53 orcs
  5 ball pythons
  11 bats
  3 giant cockroaches
  A gnoll zombie (Ossuary)
  15 goblins
  11 hobgoblins
  21 jackals
  45 kobolds
  8 quokkas
  2 frilled lizards (D:1)
  3 hobgoblin zombies (Ossuary)
  An orc zombie (Ossuary)
  6 rats
  2 lurking horrors (Abyss:3)
  A starspawn tentacle (Abyss:3)
  5 tentacles (Tar:7)
2007 creatures vanquished.

Vanquished Creatures (collateral kills)
  2 ancient liches (Zot:5)
  Mennas (Depths:3)
  A Killer Klown (Zot:5)
  A bone dragon (Tar:1)
  A doom hound (Tar:7)
  2 iron giants (Dis:7)
  A starcursed mass (Abyss:4)
  A Hell Sentinel (Dis:7)
  7 Orb Guardians (Zot:5)
  2 quicksilver dragons (Dis:7)
  A ghost moth (Zot:5)
  A balrug (Zot:5)
  3 war gargoyles (Dis:7)
  2 reapers
  A vampire knight (Depths:3)
  A green draconian (Zot:5)
  3 spark wasps (Depths:3)
  A black draconian (Zot:5)
  A blizzard demon (Zot:5)
  A quicksilver dragon zombie (Dis:7)
  A large abomination (Abyss:4)
  A sun demon (Hell)
  An iron golem (Dis:7)
  A storm dragon skeleton (Tar:1)
  2 iron trolls (Dis:7)
  4 skeletal warriors
  An unseen horror (Abyss:4)
  An orange crystal statue (Abyss:4)
  A phantasmal warrior (Tar:1)
  A sphinx zombie (Hell)
  An iron dragon zombie (Dis:7)
  A stone giant zombie (Hell)
  A freezing wraith (Tar:7)
  A tormentor (Dis:7)
  A red devil (Zot:5)
  A silent spectre (Tar:1)
  2 hydra zombies
  A hydra skeleton (Tar:1)
  An alligator zombie (Tar:1)
  A neqoxec (Abyss:4)
  2 phantoms (Tar:1)
  A wight (Tar:1)
  An iron imp (Dis:7)
63 creatures vanquished.

Vanquished Creatures (others)
  2 fire giants
  A black draconian (Zot:3)
  A vault guard (D:14)
  A tormentor (Dis:6)
  A human (D:14)
  An ogre (Depths:4)
  A small abomination (Abyss:3)
  An iron imp (Dis:3)
  2 lurking horrors
  4 plants
  17 starspawn tentacles
  12 tentacles (Tar:7)
44 creatures vanquished.

Grand Total: 2114 creatures vanquished

Notes
Turn   | Place    | Note
-------+----------+-------------------------------------------
     0 | D:1      | EnegeticOcto the Gargoyle Fighter began the quest for the
                  | Orb.
     0 | D:1      | Reached XP level 1. HP: 14/14 MP: 1/1
   115 | D:1      | Reached XP level 2. HP: 18/19 MP: 2/2
   491 | D:1      | Reached XP level 3. HP: 19/23 MP: 3/3
  1225 | D:2      | Reached skill level 3 in Maces & Flails
  1329 | D:2      | Reached XP level 4. HP: 12/29 MP: 4/4
  1704 | D:2      | Reached skill level 4 in Shields
  1952 | D:2      | Reached skill level 4 in Fighting
  1952 | D:2      | Reached XP level 5. HP: 33/33 MP: 5/5
  2034 | D:2      | Noticed an ice beast
  2049 | D:2      | Killed an ice beast
  2050 | D:2      | Reached skill level 4 in Maces & Flails
  2050 | D:2      | Reached skill level 4 in Armour
  2318 | D:2      | Found a sparkling altar of Nemelex Xobeh.
  2419 | D:2      | Reached XP level 6. HP: 38/38 MP: 6/6
  3262 | D:3      | Reached XP level 7. HP: 43/44 MP: 7/7
  3394 | D:4      | Reached skill level 5 in Maces & Flails
  3475 | D:4      | Reached skill level 5 in Armour
  3475 | D:4      | Reached skill level 5 in Shields
  3486 | D:4      | Reached skill level 5 in Fighting
  3719 | D:4      | Reached XP level 8. HP: 47/49 MP: 8/8
  3817 | D:4      | Reached skill level 6 in Maces & Flails
  3825 | D:4      | Noticed Eustachio
  3917 | D:4      | Killed Eustachio
  4793 | D:4      | Found Xuhorups's Assorted Antiques.
  4801 | D:4      | Bought a pair of glowing gloves for 187 gold pieces
  5114 | D:5      | Entered Level 5 of the Dungeon
  5123 | D:5      | Reached skill level 6 in Shields
  5128 | D:5      | Reached skill level 6 in Fighting
  5173 | D:5      | Reached skill level 6 in Armour
  5229 | D:5      | Reached skill level 7 in Maces & Flails
  5499 | D:5      | Noticed Sigmund
  5508 | D:5      | Reached XP level 9. HP: 49/56 MP: 9/9
  5532 | D:5      | Killed Sigmund
  5782 | D:6      | Found an ornate altar of the Wu Jian Council.
  5804 | D:6      | Found an iron altar of Okawaru.
  5804 | D:6      | Found a shadowy altar of Dithmenos.
  5804 | D:6      | Found a basalt altar of Yredelemnul.
  5825 | D:6      | Noticed Grinder
  5852 | D:6      | Paralysed by Grinder for 4 turns
  5859 | D:6      | Killed Grinder
  5861 | D:6      | Found a hazy altar of Hepliaklqana.
  5974 | D:6      | Reached skill level 8 in Maces & Flails
  6058 | D:6      | Found a sand-covered staircase.
  6066 | Ossuary  | Entered an ossuary
  6310 | D:6      | Reached skill level 7 in Fighting
  6310 | D:6      | Reached skill level 7 in Shields
  6320 | D:6      | Reached skill level 7 in Armour
  6468 | D:6      | Found a sacrificial altar of Ru.
  6624 | D:6      | Found a white marble altar of Elyvilon.
  6804 | D:6      | Found a snail-covered altar of Cheibriados.
  6814 | D:6      | Found a blossoming altar of Fedhas.
  6949 | D:7      | Found an iron altar of Okawaru.
  6977 | D:7      | Found a staircase to the Ecumenical Temple.
  6986 | Temple   | Entered the Ecumenical Temple
  7060 | Temple   | Became a worshipper of the Shining One
  7159 | D:7      | Found an ancient bone altar of Kikubaaqudgha.
  7185 | D:7      | Reached skill level 9 in Maces & Flails
  7185 | D:7      | Reached XP level 10. HP: 63/63 MP: 10/10
  7387 | D:7      | Noticed Joseph
  7404 | D:7      | Killed Joseph
  7408 | D:7      | Found a burning altar of Makhleb.
  7594 | D:8      | Found a flagged portal.
  7603 | Bailey   | Entered a bailey
  7621 | Bailey   | Noticed an orc knight
  7629 | Bailey   | Noticed an orc knight
  7630 | Bailey   | Noticed an orc knight
  7631 | Bailey   | Reached * piety under the Shining One
  7635 | Bailey   | Killed an orc knight
  7635 | Bailey   | Killed an orc knight
  7635 | Bailey   | Killed an orc knight
  7636 | Bailey   | Reached skill level 8 in Fighting
  7636 | Bailey   | Reached skill level 10 in Maces & Flails
  7636 | Bailey   | Reached skill level 8 in Armour
  7636 | Bailey   | Reached skill level 8 in Shields
  7636 | Bailey   | Reached skill level 2 in Invocations
  7984 | D:8      | Noticed Psyche
  7996 | D:8      | Killed Psyche
  8105 | D:8      | Reached skill level 3 in Invocations
  8224 | D:8      | Noticed Erica
  8243 | D:8      | Reached XP level 11. HP: 62/69 MP: 13/13
  8254 | D:8      | Killed Erica
  8255 | D:8      | Reached skill level 1 in Evocations
  8385 | D:8      | Found a bloodstained altar of Trog.
  8478 | D:8      | Found a radiant altar of Vehumet.
  8597 | D:8      | Found a staircase to the Lair.
  8765 | D:9      | Noticed Harold
  8778 | D:9      | Killed Harold
  8779 | D:9      | Reached skill level 4 in Invocations
  9218 | D:9      | Reached skill level 9 in Fighting
  9246 | D:9      | Found a staircase to the Orcish Mines.
  9250 | D:9      | Reached skill level 2 in Evocations
  9252 | D:9      | Reached ** piety under the Shining One
  9290 | D:9      | Reached skill level 9 in Armour
  9292 | D:9      | Reached skill level 9 in Shields
  9335 | D:9      | Reached skill level 11 in Maces & Flails
  9797 | D:9      | Noticed Maurice
  9815 | D:9      | Killed Maurice
  9884 | D:9      | Found a burning altar of Makhleb.
  9884 | D:9      | Noticed a balrug
 10296 | D:10     | Entered Level 10 of the Dungeon
 10518 | D:10     | Reached skill level 3 in Evocations
 10607 | D:10     | Noticed a two-headed ogre
 10608 | D:10     | Noticed Maggie
 10617 | D:10     | Killed a two-headed ogre
 10618 | D:10     | Reached skill level 5 in Invocations
 10634 | D:10     | Killed Maggie
 10635 | D:10     | Reached XP level 12. HP: 69/76 MP: 15/15
 10951 | D:10     | Noticed a two-headed ogre
 10959 | D:10     | Killed a two-headed ogre
 11070 | D:10     | Found a viscous altar of Jiyva.
 11308 | D:11     | Reached *** piety under the Shining One
 11447 | D:11     | Noticed Erolcha
 11459 | D:11     | Killed Erolcha
 11962 | D:11     | Noticed Gastronok
 12007 | D:11     | Killed Gastronok
 12008 | D:11     | Reached skill level 10 in Fighting
 12008 | D:11     | Reached skill level 12 in Maces & Flails
 12008 | D:11     | Reached skill level 10 in Shields
 12008 | D:11     | Reached skill level 6 in Invocations
 12008 | D:11     | Reached skill level 4 in Evocations
 12318 | D:12     | Found Ymoipaad's Hallowed Reliquary.
 12320 | D:12     | Found a white marble altar of Elyvilon.
 12320 | D:12     | Noticed an angel
 12329 | D:12     | Reached skill level 10 in Armour
 12356 | D:12     | Found a gate leading to a gauntlet.
 12388 | Gauntlet | Entered a Gauntlet
 12388 | Gauntlet | Found a transporter.
 12388 | Gauntlet | Found a transporter.
 12388 | Gauntlet | Found a transporter.
 12447 | Gauntlet | Found a transporter.
 12448 | Gauntlet | Found a transporter.
 12451 | Gauntlet | Found a transporter.
 12455 | Gauntlet | Found a runed translucent door.
 12457 | Gauntlet | Found a runed translucent door.
 12457 | Gauntlet | Found a transporter.
 12458 | Gauntlet | Reached **** piety under the Shining One
 12459 | Gauntlet | Found a transporter.
 12460 | Gauntlet | Found a transporter.
 12462 | Gauntlet | Found a transporter.
 12464 | Gauntlet | Noticed an entropy weaver
 12471 | Gauntlet | Found a transporter.
 12473 | Gauntlet | Found a transporter.
 12557 | Gauntlet | Found the +4 Cigotuvi's embrace {rMiasma *Drain rN+}
 12883 | Gauntlet | Noticed a minotaur
 12907 | Gauntlet | Killed a minotaur
 12908 | Gauntlet | Reached skill level 5 in Evocations
 12908 | Gauntlet | Reached XP level 13. HP: 71/83 MP: 18/18
 13021 | D:12     | Bought 2 potions of heal wounds for 130 gold pieces
 13021 | D:12     | Bought a scroll of holy word for 97 gold pieces
 13051 | D:12     | Reached skill level 7 in Invocations
 13408 | D:12     | Noticed a fire dragon
 13417 | D:12     | Killed a fire dragon
 13686 | D:12     | Got a transparent wooden ring
 13696 | D:12     | Identified the ring of Nuthuchu {rPois rF- rN+ Str+8
                  | Slay+3} (You found it on level 12 of the Dungeon)
 13762 | D:12     | Reached skill level 11 in Fighting
 13762 | D:12     | Reached skill level 11 in Shields
 13882 | D:12     | Identified the Almanac of Mutagenic Cold
 13935 | D:12     | Reached skill level 11 in Armour
 14151 | D:12     | Reached skill level 8 in Invocations
 14151 | D:12     | Reached skill level 6 in Evocations
 14815 | D:13     | Reached ***** piety under the Shining One
 15144 | D:13     | Found a glowing golden altar of the Shining One.
 15705 | D:14     | Gained mutation: Your large and strong wings let you fly
                  | indefinitely. [Gargoyle growth]
 15705 | D:14     | Reached XP level 14. HP: 90/90 MP: 20/20
 15888 | D:14     | Found a transporter.
 15889 | D:14     | Noticed Tagedieb's ghost (journeyman OpEn)
 15891 | D:14     | Found a portal to a secret trove of treasure.
 15892 | D:14     | Noticed a war gargoyle
 15980 | D:14     | Found a transporter.
 15992 | D:14     | Reached skill level 9 in Invocations
 16000 | D:14     | Reached skill level 7 in Evocations
 16032 | D:14     | Found a frozen archway.
 16057 | IceCv    | Entered an ice cave
 16310 | IceCv    | Reached ****** piety under the Shining One
 16324 | IceCv    | Reached skill level 12 in Shields
 16359 | IceCv    | Found an ancient bone altar of Kikubaaqudgha.
 16506 | IceCv    | Reached skill level 12 in Fighting
 17256 | D:14     | Found a gate to the Vaults.
 17473 | D:14     | Reached skill level 12 in Armour
 17603 | D:14     | Reached skill level 1 in Dodging
 17737 | D:14     | Killed Tagedieb's ghost
 17743 | D:14     | Killed a war gargoyle
 17755 | D:14     | Got a scorched cloak
 17765 | D:14     | Identified the +1 cloak "Rokk" {-Tele Rampage Will+ Int+2}
                  | (You found it on level 14 of the Dungeon)
 17921 | D:15     | Entered Level 15 of the Dungeon
 17935 | D:15     | Found a staircase to the Depths.
 17961 | D:15     | Reached skill level 2 in Dodging
 18014 | D:15     | Reached skill level 10 in Invocations
 18364 | D:15     | Reached skill level 13 in Fighting
 18371 | D:15     | Reached skill level 8 in Evocations
 18371 | D:15     | Reached XP level 15. HP: 98/98 MP: 22/22
 18531 | D:15     | Reached skill level 3 in Dodging
 18576 | D:15     | Found an ancient bone altar of Kikubaaqudgha.
 18944 | Depths:1 | Entered Level 1 of the Depths
 19166 | Depths:1 | Found a gateway to a ziggurat.
 19170 | Depths:1 | Found a corrupted altar of Lugonu.
 19170 | Depths:1 | Found a one-way gate to the infinite horrors of the Abyss.
 19272 | Depths:1 | Reached skill level 13 in Shields
 19272 | Depths:1 | Reached skill level 11 in Invocations
 19294 | Depths:1 | Identified a +4 sacred scourge of holy wrath (a +2 demon
                  | whip of flaming blessed by the Shining One)
 19294 | Depths:1 | Received a gift from the Shining One
 19305 | Depths:1 | Found a gateway to Hell.
 19431 | Depths:1 | Found a runed translucent door.
 19529 | Depths:1 | Reached skill level 14 in Fighting
 19529 | Depths:1 | Reached skill level 4 in Dodging
 20243 | Hell     | Entered the Vestibule of Hell
 20243 | Hell     | Noticed Geryon
 20267 | Hell     | Killed Geryon
 20270 | Hell     | Noticed Murray
 20569 | Hell     | Reached XP level 16. HP: 107/107 MP: 14/24
 20570 | Hell     | Reached skill level 12 in Invocations
 20587 | Depths:1 | Killed Murray
 20694 | Hell     | Reached skill level 5 in Dodging
 20696 | Hell     | Reached skill level 15 in Fighting
 20702 | Hell     | Noticed a revenant
 20792 | Hell     | Reached skill level 13 in Invocations
 20803 | Hell     | Killed a revenant
 20933 | Hell     | Found a gateway to the Iron City of Dis.
 20939 | Dis:1    | Entered Level 1 of the Iron City of Dis
 20939 | Dis:1    | Found a gateway to Hell.
 20962 | Dis:2    | Found a gateway to Hell.
 20990 | Dis:2    | Found a gateway to Hell.
 20994 | Dis:3    | Found a gateway to Hell.
 21003 | Dis:3    | Reached skill level 14 in Shields
 21021 | Dis:3    | Cast into level 3 of the Abyss (skeletal warrior)
 21069 | Abyss:3  | Reached skill level 6 in Dodging
 21152 | Abyss:3  | Paralysed by accursed screaming for 1 turns
 21283 | Abyss:3  | Reached XP level 17. HP: 84/115 MP: 27/27
 21426 | Abyss:3  | Found a hazy altar of Hepliaklqana.
 21462 | Abyss:3  | Reached skill level 16 in Fighting
 21484 | Abyss:3  | Noticed a hellephant
 21508 | Abyss:3  | Gained mutation: You are weak. (Str -2) [a neqoxec]
 21513 | Abyss:3  | Noticed a hellephant
 21524 | Abyss:3  | Found a corrupted altar of Lugonu.
 21537 | Abyss:3  | Noticed a tentacled starspawn
 21554 | Abyss:3  | Killed a tentacled starspawn
 21555 | Abyss:3  | Reached skill level 14 in Invocations
 21609 | Abyss:3  | Noticed a tentacled starspawn
 21618 | Abyss:3  | Killed a tentacled starspawn
 21793 | Abyss:3  | Noticed a bone dragon
 21816 | Abyss:3  | Killed a bone dragon
 21836 | Dis:3    | Escaped the Abyss
 21866 | Dis:3    | Noticed a Hell Sentinel
 21880 | Dis:3    | Killed a Hell Sentinel
 22160 | Dis:1    | Reached skill level 15 in Invocations
 22193 | Dis:1    | Reached skill level 17 in Fighting
 22329 | Dis:2    | Noticed a Tzitzimitl
 22342 | Dis:2    | Killed a Tzitzimitl
 22673 | Dis:2    | Reached skill level 15 in Shields
 22673 | Dis:2    | Reached XP level 18. HP: 124/124 MP: 20/29
 23084 | Dis:2    | Noticed a Hell Sentinel
 23089 | Dis:2    | Killed a Hell Sentinel
 23668 | Dis:2    | Noticed an Ice Fiend
 23675 | Dis:2    | Killed an Ice Fiend
 23776 | Dis:3    | Found a gateway to Hell.
 23833 | Dis:3    | Reached skill level 16 in Invocations
 24073 | Dis:3    | Reached skill level 18 in Fighting
 24277 | Dis:3    | Found a gateway to Hell.
 24319 | Dis:4    | Found a gateway to Hell.
 24430 | Dis:4    | Found a gateway to Hell.
 24452 | Dis:4    | Noticed a Tzitzimitl
 24461 | Dis:4    | Killed a Tzitzimitl
 24753 | Dis:5    | Found a gateway to Hell.
 24902 | Dis:6    | Found a gateway to Hell.
 24915 | Dis:6    | Found a gateway to Hell.
 24915 | Dis:6    | Found a gateway to Hell.
 24996 | Dis:6    | Noticed an iron giant
 24997 | Dis:6    | Noticed a bone dragon
 25014 | Dis:6    | Reached skill level 17 in Invocations
 25019 | Dis:6    | Killed a bone dragon
 25521 | Depths:2 | Reached XP level 19. HP: 102/132 MP: 31/31
 25529 | Depths:2 | Reached skill level 19 in Fighting
 25933 | Depths:2 | Noticed a caustic shrike
 25935 | Depths:2 | Noticed a juggernaut
 25955 | Depths:2 | Noticed a golden dragon
 25957 | Depths:2 | Paralysed by a sphinx for 4 turns
 25964 | Depths:2 | Killed a caustic shrike
 25971 | Depths:2 | Killed a juggernaut
 25975 | Depths:2 | Killed a golden dragon
 25977 | Depths:2 | Reached skill level 18 in Invocations
 25987 | Depths:2 | Noticed a lich
 25990 | Depths:2 | Paralysed by a vampire knight for 4 turns
 25994 | Depths:2 | Killed a lich
 26020 | Depths:2 | Noticed a tentacled monstrosity
 26036 | Depths:2 | Killed a tentacled monstrosity
 26037 | Depths:2 | Reached skill level 20 in Fighting
 26039 | Depths:2 | Noticed a caustic shrike
 26066 | Depths:2 | Killed a caustic shrike
 26222 | Depths:2 | Noticed a golden dragon
 26229 | Depths:2 | Killed a golden dragon
 26230 | Depths:2 | Reached skill level 19 in Invocations
 26230 | Depths:2 | Reached XP level 20. HP: 50/142 MP: 33/33
 28031 | Depths:3 | Noticed Mennas
 28060 | Depths:3 | Reached skill level 21 in Fighting
 28076 | Depths:3 | Killed Mennas
 28304 | Depths:3 | Paralysed by an ogre mage for 3 turns
 28409 | Depths:3 | Found a shimmering blue altar of Sif Muna.
 28490 | Depths:3 | Identified the Guide on Ice and Transmigration
 28501 | Depths:3 | Identified the Guide on Dusty Envenoming
 28526 | Depths:3 | Identified Atargh's Catalogue of Displacement
 28542 | Depths:3 | Reached skill level 20 in Invocations
 28579 | Depths:3 | Noticed a lich
 28587 | Depths:3 | Paralysed by a lich for 2 turns
 28593 | Depths:3 | Killed a lich
 28598 | Depths:3 | Identified Fakkoclo's Reference Book on Enchantment and
                  | Displacement
 28600 | Depths:3 | Identified Lehudib's Incunabulum of Ashen Battle Magic
 28616 | Depths:3 | Identified the Guide on Earthen Arcane Weapons
 29361 | Depths:3 | Found a one-way gate leading to the halls of Pandemonium.
 29617 | Depths:4 | Reached XP level 21. HP: 137/150 MP: 35/35
 30067 | Depths:4 | Reached skill level 22 in Fighting
 30525 | Depths:4 | Reached skill level 21 in Invocations
 30527 | Depths:4 | Paralysed by a great orb of eyes for 6 turns
 30624 | Depths:4 | Noticed Louise
 30644 | Depths:4 | Killed Louise
 31139 | Depths:5 | Entered Level 5 of the Depths
 31713 | Depths:5 | Noticed Boris
 31743 | Depths:5 | Killed Boris
 31818 | Depths:5 | Found a gate to the Realm of Zot.
 32388 | Depths:5 | Reached XP level 22. HP: 158/158 MP: 36/36
 32444 | Depths:5 | Reached skill level 23 in Fighting
 32533 | Depths:5 | Paralysed by a sphinx for 6 turns
 32545 | Depths:5 | Paralysed by a sphinx for 3 turns
 32976 | D:12     | Bought a scroll of holy word for 97 gold pieces
 32976 | D:12     | Bought a scroll of holy word for 97 gold pieces
 32976 | D:12     | Bought a potion of curing for 39 gold pieces
 32976 | D:12     | Bought a potion of heal wounds for 65 gold pieces
 33164 | D:4      | Bought a scroll of teleportation for 75 gold pieces
 33164 | D:4      | Bought a potion of might for 100 gold pieces
 33518 | Dis:2    | You fall into a shaft and drop 2 floors!
 33665 | Dis:6    | Reached skill level 22 in Invocations
 33728 | Dis:7    | Entered Level 7 of the Iron City of Dis
 35072 | Dis:7    | Reached skill level 24 in Fighting
 35098 | Dis:7    | Identified the +4 staff of Dispater
 35098 | Dis:7    | Noticed Dispater
 35103 | Dis:7    | Reached skill level 23 in Invocations
 35131 | Dis:7    | Killed Dispater
 35132 | Dis:7    | Reached XP level 23. HP: 167/167 MP: 20/38
 35193 | Dis:7    | Got a sparkling iron ring
 35197 | Dis:7    | Got an iron rune of Zot
 35199 | Dis:7    | Got a translucent bone ring
 35216 | Dis:7    | Identified the ring "Qaec" {*Corrode rElec rN+ MP+9 Int+8}
                  | (You found it on level 7 of the Iron City of Dis)
 35217 | Dis:7    | Identified the ring "Foxontiw" {MP+9 Slay+5} (You found it
                  | on level 7 of the Iron City of Dis)
 35285 | Dis:7    | Noticed the Serpent of Hell
 35364 | Hell     | Found a gateway to the decaying netherworld of Tartarus.
 35373 | Tar:1    | Entered Level 1 of Tartarus
 35950 | Tar:4    | Reached skill level 25 in Fighting
 35950 | Tar:4    | Reached skill level 24 in Invocations
 36256 | Tar:5    | Reached XP level 24. HP: 176/176 MP: 39/39
 36643 | Tar:7    | Entered Level 7 of Tartarus
 36924 | Tar:7    | Reached skill level 25 in Invocations
 36937 | Tar:7    | Reached skill level 26 in Fighting
 37063 | Tar:7    | Noticed Ereshkigal
 37081 | Tar:7    | Killed Ereshkigal
 37101 | Tar:7    | Got a bone rune of Zot
 37279 | Tar:7    | Reached skill level 26 in Invocations
 37342 | Depths:1 | Voluntarily entered the Abyss.
 37474 | Abyss:2  | Reached XP level 25. HP: 184/184 MP: 40/40
 37612 | Abyss:2  | Gained mutation: Scrolls take you a little longer to read.
                  | [a cacodemon]
 37694 | Abyss:2  | Paralysed by accursed screaming for 1 turns
 38234 | Abyss:2  | Gained mutation: Your spells are a little easier to cast,
                  | but a little less powerful. [a neqoxec]
 38466 | Abyss:3  | Lost mutation: Your spells are a little easier to cast, but
                  | a little less powerful. [a neqoxec]
 38570 | Abyss:3  | Found a corrupted altar of Lugonu.
 38708 | Abyss:3  | Found a corrupted altar of Lugonu.
 38773 | Abyss:4  | Gained mutation: You are dopey. (Int -2) [a neqoxec]
 38779 | Abyss:4  | Reached skill level 7 in Dodging
 38811 | Abyss:4  | Got an abyssal rune of Zot
 38837 | Depths:1 | Escaped the Abyss
 39056 | Zot:1    | Entered Level 1 of the Realm of Zot
 39141 | Zot:1    | Reached skill level 9 in Evocations
 39564 | Zot:1    | Reached skill level 13 in Armour
 39863 | Zot:1    | Reached skill level 27 in Invocations
 40048 | Zot:1    | Reached skill level 8 in Dodging
 40087 | Zot:1    | Reached XP level 26. HP: 190/190 MP: 40/40
 40238 | Zot:1    | Reached skill level 10 in Evocations
 41146 | Zot:2    | Reached skill level 14 in Armour
 41154 | Zot:2    | Identified the ring "Vahunwyd" {*Corrode rElec rPois Dex+5
                  | SInv}
 41184 | Zot:2    | Reached skill level 9 in Dodging
 41348 | Zot:2    | Reached skill level 11 in Evocations
 42562 | Zot:3    | Reached skill level 15 in Armour
 42562 | Zot:3    | Reached skill level 10 in Dodging
 42923 | Zot:3    | Reached skill level 12 in Evocations
 43551 | Zot:3    | Reached skill level 16 in Armour
 43594 | Zot:3    | Reached XP level 27. HP: 173/196 MP: 40/40
 43844 | Zot:4    | Reached skill level 13 in Evocations
 44540 | Zot:5    | Entered Level 5 of the Realm of Zot
 44630 | Zot:5    | Reached skill level 14 in Evocations
 45369 | Zot:5    | Found a transporter.
 45369 | Zot:5    | Found a transporter.
 45369 | Zot:5    | Noticed denis1488's ghost (legendary MiFi)
 45537 | Zot:5    | Reached skill level 15 in Evocations
 46142 | Zot:5    | Identified the +4 tower shield of the Past {rF+ rN++ rCorr
                  | Str-4}
 46165 | Zot:5    | Noticed an ancient lich
 46169 | Zot:5    | Noticed an ancient lich
 46172 | Zot:5    | Noticed an orb of fire
 46174 | Zot:5    | Killed an ancient lich
 46178 | Zot:5    | Killed an ancient lich
 46179 | Zot:5    | Reached skill level 16 in Evocations
 46275 | Zot:5    | Reached skill level 17 in Evocations
 46280 | Zot:5    | Got the Orb of Zot
 46343 | Zot:5    | Noticed Dymexkyo the pandemonium lord
 46345 | Zot:5    | Identified the +7 tower shield of Dogmatism {Rampage rCorr}
 46352 | Zot:5    | Killed Dymexkyo the pandemonium lord
 46417 | Zot:4    | Noticed a seraph
 47066 | D:$      | Escaped with the Orb!

Illustrated notes

Levels and vault maps discovered:
D:1:      co_arrival_random_square_maze, layout_basic, minmay_liquid_box,
          nrook_mini_vaults
D:2:      layout_basic, nemelex_xobeh_ov_fountains_minmay, minmay_vboxes
D:3:      layout_rooms
D:4:      minmay_goblin_kobold_castle, layout_basic, serial_shops, shop,
          serial_bayou_pond_d, uniq_eustachio
D:5:      layout_rooms, uniq_sigmund
D:6:      minmay_general_purpose_star, layout_cave_pools,
          nicolae_overflow_hidden_temple,
          chequers_temple_overflow_statue_of_worship,
          amethyst_overflow_temple_binary, gup_ossuary_entry_pyramid,
          basic_altar, solitary_fountain, elyvilon_altar_3, uniq_grinder
D:7:      layout_rooms, kiku_gazebo_pond_becter, lemuel_doored_altar,
          lemuel_temple_firewalk_b, minmay_statues_item,
          kennysheep_okawaru_gauntlet, uniq_joseph
D:8:      layout_cave_pools, vehumet_altar_wand_db, overflow_temple_1_default,
          david_lair_shrubbed, enter_bailey_2, uniq_psyche, uniq_erica
D:9:      layout_basic, kennysheep_orc_monster_closet_entryway,
          makhleb_altar_promises_db, uniq_maurice, uniq_harold
D:10:     layout_gridville, jiyva_altar_1, uniq_maggie
D:11:     layout_loops_ring, uniq_erolcha, uniq_gastronok
D:12:     minmay_the_grid_octo_triangle [minmay_the_grid_octo_77,
          minmay_the_grid_octo_prize_ultimate_mussel_roller,
          minmay_the_grid_octo_teeth], layout_irregular_city,
          gauntlet_entry_generic, nicolae_good_shop
D:13:     layout_basic, basic_altar
D:14:     layout_small_grid, ximxim_vaults_locker_room, gammafunk_ghost_arena,
          nicolae_trove_entry_crossroad, portal_ice_cave_demonic_guard,
          serial_park_tiny_1, hangedman_incinerator
D:15:     gammafunk_depths_entry_grave, layout_small_grid, basic_altar,
          drop_trap
Temple:   jpeg_temple_alley_garden
Depths:1: layout_gridlike, enter_ziggurat_b, minmay_misc_feat_pillars,
          grunt_metal_band, abyss_entry_flame_altar, minmay_hidden_floor
Depths:2: minmay_central_circle, layout_gridville, abyss_entry, hell_entry,
          serial_sigils_hangedman_carve
Depths:3: evilmike_library_of_no_secrets, layout_gridlike, minivault_11,
          grunt_pan_entry_sceptre, hangedman_tar_grid_catacomb, abyss_entry,
          st_stairs_13, minmay_misc_feat_four_crosses, uniq_mennas
Depths:4: wad_guarded_room, layout_gridlike, hell_entry,
          chequers_serial_rivers_micro_a,
          nicolae_abyss_entry_one_way_or_another, skrybe_limestone_x
Depths:5: evilmike_zot_entry_basic, layout_gridlike, rand_demon_pan_entry_1,
          hell_entry, minmay_misc_feat_rows, serial_bayou_shore_a, uniq_boris
Hell
Dis:1:    layout_regular_city
Dis:2:    layout_chaotic_city
Dis:3:    layout_gridville
Dis:4:    layout_regular_city
Dis:5:    layout_gridville
Dis:6:    layout_subdivisions
Dis:7:    iron_city_of_dis [dis_mu, dis_wall_4], layout_chaotic_city
Tar:1:    layout_grid_maze, hangedman_snap_crack_crunch
Tar:2:    layout_grid_maze
Tar:3:    layout_grid_maze, nicolae_tar_cuneiform_to_be
Tar:4:    layout_catacombs
Tar:5:    layout_catacombs
Tar:6:    layout_grid_maze
Tar:7:    tar_minmay_river
Zot:1:    kennysheep_bubbly, layout_gridlike, st_large_dragon_hoard_1
Zot:2:    layout_misc_corridors, st_single_dragon_hoard_2
Zot:3:    layout_basic
Zot:4:    layout_gridlike
Zot:5:    layout_twisted_circle, gammafunk_ghost_arena, nicolae_lava_and_water,
          lemuel_golem_globe

Skill      XL: |  1  2  3  4  5  6  7  8  9 10 11 12 13 14 15 16 17 18 19 20 21 22 23 24 25 26 27 |
---------------+----------------------------------------------------------------------------------+-----
Maces & Flails | 3 4 5 7 9 10 11 12 | 12.0
Shields        | 4 5 6 7 8 9 10 11 12 13 14 15 | 15.0
Fighting       | 4 5 6 7 8 9 10 11 13 14 15 17 18 20 21 22 24 25 26 | 26.0
Armour         | 4 5 6 7 8 9 10 11 12 13 16 | 16.0
Invocations    | 3 5 6 8 10 11 13 15 17 19 20 21 23 24 26 27 | 27.0
Evocations     | 3 5 6 8 9 12 17 | 17.9
Dodging        | 2 4 6 8 10 | 10.0

Action                   |  1- 3 |  4- 6 |  7- 9 | 10-12 | 13-15 | 16-18 | 19-21 | 22-24 | 25-27 || total
-------------------------+-------+-------+-------+-------+-------+-------+-------+-------+-------++-------
Melee: Flail             |   136 |   310 |   739 |   311 |   927 |       |       |       |       ||  2423
       Whip              |       |       |       |   618 |   100 |       |       |       |       ||   718
       Sacred scourge    |       |       |       |       |   129 |  1020 |  1217 |  1257 |  1700 ||  5323
Throw: Throwing net      |       |       |       |       |       |       |       |     2 |       ||     2
Invok: Divine Shield     |       |       |       |     3 |     7 |     5 |    10 |     9 |     7 ||    41
       Cleansing Flame   |       |       |       |       |    17 |    49 |    23 |    41 |    46 ||   176
       Summon Divine War |       |       |       |       |     3 |     1 |     1 |    14 |     7 ||    26
       Brand Weapon With |       |       |       |       |     1 |       |       |       |       ||     1
 Abil: Fly               |       |       |       |       |     1 |     1 |       |       |     1 ||     3
       Stop Flying       |       |       |       |       |     1 |     1 |       |       |     1 ||     3
Evoke: Wand              |       |       |       |    17 |     4 |    11 |     7 |     7 |     1 ||    47
       Tin of tremorston |       |       |       |       |       |     4 |     3 |       |     4 ||    11
       Phantom mirror    |       |       |       |       |       |       |     1 |     1 |       ||     2
       Box of beasts     |       |       |       |       |       |       |       |     1 |       ||     1
  Use: Scroll            |       |     3 |    12 |    16 |     6 |     2 |     2 |    13 |     7 ||    61
       Potion            |       |     1 |       |     1 |       |     5 |     3 |     8 |     5 ||    23
Armor: Scale mail        |    77 |   192 |   481 |       |       |       |       |       |       ||   750
       Plate armour      |       |       |    22 |   356 |   621 |   433 |   428 |   442 |   120 ||  2422
       Gold dragon scale |       |       |       |       |       |       |       |       |   522 ||   522
Dodge: Dodged            |    54 |    96 |   225 |   110 |   254 |   174 |   184 |   163 |   263 ||  1523
Block: Kite shield       |    73 |   369 |   690 |   661 |  1078 |   715 |   854 |   757 |  1077 ||  6274
       Reflection        |       |     4 |    29 |    29 |    54 |     8 |    45 |    10 |    10 ||   189
